 Dungeon Crawl Stone Soup version 0.25-a0-424-g80bd347ae0 (webtiles) character file.

Game seed: 5238242157155476146, levelgen mode: deterministic

77 Erk the Sneak (level 4, -2/29 HPs)
             Began as an Octopode Assassin on Jan 21, 2020.
             Slain by a worker ant (8 damage)
             ... on level 2 of the Dungeon.
             The game lasted 00:05:58 (1099 turns).

Erk the Sneak (Octopode Assassin)                   Turns: 1099, Time: 00:06:01

Health: -2/29      AC:  1    Str: 10    XL:     4   Next: 33%
Magic:  4/4        EV: 12    Int: 13    God:
Gold:   38         SH:  3    Dex: 14    Spells: 3/3 levels left

rFire    . . .     SeeInvis .   e - +0 short sword
rCold    . . .     Gourm    .   n - +0 buckler
rNeg     . . .     Faith    .   (helmet restricted)
rPois    .         Spirit   .   (no amulet)
rElec    .         Reflect  .   (no ring)
rCorr    .         Harm     .   (no ring)
MR       .....                  (no ring)
Stlth    +++++.....             (no ring)
HPRegen  0.09/turn              (no ring)
MPRegen  0.09/turn              (no ring)
                                (no ring)
                                (no ring)

@: lethally poisoned (-2 -> -6)
A: almost no armour, stealthy swim, amphibious, 8 rings, constrict 8, camouflage
1, gelatinous body 1
a: no special abilities


You were on level 2 of the Dungeon.
You were hungry.

You visited 1 branch of the dungeon, and saw 3 of its levels.

You collected 38 gold pieces.

Inventory:

Hand Weapons
 a - a +2 dagger
 e - a +0 short sword (weapon)
 f - a +1 spear of venom
 k - a +0 dagger of speed
 m - a +0 short sword
 q - a +0 short sword
Missiles
 b - 16 poisoned darts (quivered)
 c - 2 curare-tipped darts
 h - 2 atropa-tipped darts
Armour
 n - a +0 buckler (worn)
Scrolls
 g - 2 scrolls of amnesia {unknown}
 j - a scroll of remove curse {unknown}
 o - a scroll of immolation {unknown}
 p - a scroll of identify {unknown}
Potions
 i - 2 potions of curing {unknown}
 l - a potion of brilliance {unknown}
Comestibles
 d - 3 rations
 r - 2 chunks of flesh


   Skills:
 - Level 2.0 Fighting
 - Level 2.0 Short Blades
 + Level 2.9 Throwing
 - Level 1.0 Dodging
 * Level 7.2 Stealth


You had 3 spell levels left.
You didn't know any spells.
Your spell library was empty.

Dungeon Overview and Level Annotations

Branches:
Dungeon (3/15)

Altars:


Innate Abilities, Weirdness & Mutations

You cannot wear most types of armour.
You are very stealthy in the water. (Stealth+)
You are amphibious.
You can wear up to eight rings at the same time.
You can use your tentacles to constrict eight enemies at once.
Your skin changes colour to match your surroundings (Stealth+).
Your rubbery body absorbs attacks. (AC +1, EV +1)


Message History

You are poisoned.
The worker ant poisons you!
You hit the worker ant.
The worker ant is moderately wounded.
You constrict the worker ant, but do no damage.
You feel sick. You block the worker ant's attack.
You hit the worker ant but do no damage.
The worker ant is moderately wounded.
You constrict the worker ant. The worker ant bites you.
* * * LOW HITPOINT WARNING * * *
Throwing (i - inventory. (/) - cycle)
b - 17 poisoned darts (quivered)
Press: ? - help, Shift-Dir - straight line, f - worker ant
Aim: a worker ant (heavily wounded, constricted by you)
You throw a poisoned dart. The poisoned dart hits the worker ant!
The worker ant is poisoned.
The worker ant is heavily wounded.
You constrict the worker ant.
* * * LOW HITPOINT WARNING * * *
You feel sick. The worker ant bites you!
You die...

######### ........#
..####''####
.##........# #####
.##........# #...#
..#........###.#@#
..'....≈...'.#)#a####
..'...≈....'.#?#....#
.##........#...#)...#
.##........###......#
..#........# #.#....#
..####++####........+
........ ........).#
.....### #.#.#.#....#


You could see a worker ant.

Vanquished Creatures
  3 gnolls (D:2)
  An ooze (D:1)
  A worm (D:2)
  A leopard gecko (D:1)
  4 giant cockroaches (D:1)
  5 goblins
  4 hobgoblins
  5 kobolds
  A quokka (D:2)
  4 bats
  5 frilled lizards
  5 rats
39 creatures vanquished.

Notes
Turn   | Place    | Note
-------+----------+-------------------------------------------
     0 | D:1      | Erk the Octopode Assassin began the quest for the Orb.
     0 | D:1      | Reached XP level 1. HP: 14/14 MP: 1/1
    94 | D:1      | Reached XP level 2. HP: 15/19 MP: 2/2
   272 | D:1      | Reached skill level 6 in Stealth
   677 | D:1      | Reached XP level 3. HP: 23/24 MP: 3/3
  1081 | D:2      | Reached skill level 7 in Stealth
  1081 | D:2      | Reached XP level 4. HP: 29/29 MP: 4/4
  1099 | D:2      | Slain by a worker ant

Levels and vault maps discovered:
D:1:      nzn_arrival_crosshair, layout_loops_corners
D:2:      layout_basic, kennysheep_generic_room_4, uniq_terence, uniq_jessica
D:3:      layout_rooms, grunt_decor_one_mirror

Skill      XL: |  1  2  3 |
---------------+----------+-----
Stealth        | 6 7 |  7.2
Fighting       | |  2.0
Short Blades   | |  2.0
Throwing       | |  2.9
Dodging        | |  1.0

Action                   |  1- 3 |  4- 6 || total
-------------------------+-------+-------++-------
Melee: Dagger            |     6 |       ||     6
       Short sword       |    51 |    13 ||    64
       Constrict         |     8 |     3 ||    11
       Tentacles         |     5 |     2 ||     7
Throw: Dart              |    16 |     1 ||    17
 Stab: Sleeping          |    20 |       ||    20
Armor: Skin              |     6 |       ||     6
Dodge: Dodged            |    22 |     3 ||    25
Block: Buckler           |     1 |     3 ||     4

Table legend:
 A = Non-vault XP
 B = Vault XP
 C = Vault XP percentage of total XP
 D = Non-vault monster count
 E = Vault monster count
 F = Vault count percentage of total count
                 A         B        C        D         E       F
            +---------+---------+-------+---------+---------+-------
      Total |     108 |       2 |   1.8 |      38 |       1 |   2.6
            +---------+---------+-------+---------+---------+-------
        D:1 |      42 |       0 |   0.0 |      23 |       0 |   0.0
        D:2 |      60 |       2 |   3.2 |      12 |       1 |   7.7
        D:3 |       6 |       0 |   0.0 |       3 |       0 |   0.0
            +---------+---------+-------+---------+---------+-------
